 Dungeon Crawl Stone Soup version 0.30.0-20-g3615ddf2f0 (webtiles) character file.

Game seed: 9297655792351931580

30779 qw the Cleaver (level 13, -2/84 HPs)
             Began as a Gargoyle Fighter on May 28, 2023.
             Was a High Priest of Okawaru.
             Slain by a demonic crawler (18 damage)
             ... on level 5 of the Lair of Beasts.
             The game lasted 00:08:03 (13190 turns).

qw the Cleaver (Gargoyle Fighter)                  Turns: 13190, Time: 00:08:03

Health: -2/84      AC: 38    Str: 27    XL:     13   Next: 53%
Magic:  20/20      EV: 16    Int: 10    God:    Okawaru [*****.]
Gold:   430        SH:  6    Dex:  9    Spells: 12/12 levels left

rFire   . . .        Y - +4 war axe (drain)
rCold   . . .        c - +0 buckler
rNeg    + . .        w - +8 chain mail of Impressiveness {Str+3}
rPois   inf          (no helmet)
rElec   +            n - +0 cloak
rCorr   .            t - +2 pair of gloves
SInv    +            l - +1 pair of boots
Will    .....        (no amulet) Stlth
                     e - +5 ring of evasion
HPRegen 0.34/turn    k - ring of see invisible
MPRegen 0.17/turn

%: no passive effects
@: heroic, very slow
A: sickness immunity, AC +9, negative energy resistance 1, electricity
resistance, torment resistance 1, petrification resistance
a: Renounce Religion, Heroism, Finesse, Duel


You were on level 5 of the Lair of Beasts.
You worshipped Okawaru.
Okawaru was extremely pleased with you.
You visited 2 branches of the dungeon, and saw 13 of its levels.
You also visited: Ossuary.

You collected 2181 gold pieces.
You spent 1751 gold pieces at shops.


Innate Abilities, Weirdness & Mutations

You are immune to sickness and miasma.
Your stone body is resilient. (AC +9)
You are immune to poison.
You resist negative energy. (rN+)
You are resistant to electric shocks. (rElec)
You are resistant to unholy torment.
You are immune to petrification.


   Skills:
 - Level 11.1(16.1) Fighting
 - Level 14.0(19.0) Axes
 - Level 4.2(9.2) Throwing
 + Level 8.8(13.8) Armour
 - Level 2.0(7.0) Dodging
 - Level 7.0(12.0) Shields
 - Level 10.1 Invocations


You had 12 spell levels left.
You didn't know any spells.
Your spell library was empty.

Inventory:

Hand Weapons
 p - a +0 morningstar
 Y - a +4 war axe of draining (weapon)
Missiles
 b - 2 boomerangs (quivered)
Armour
 c - a +0 buckler (worn)
 l - a +1 pair of boots (worn)
 n - a +0 cloak (worn)
 t - a +2 pair of gloves (worn)
 v - the +3 hat of Pondering {ponderous, Will+ MP+10 Int+5}
   (You bought it in a shop on level 7 of the Dungeon)

   Int:       It affects your intelligence (+5).
   MP:        It affects your magic capacity (+10).
   Will:      It increases your willpower.
 w - the +8 chain mail of Impressiveness (worn) {Str+3}
   (You bought it in a shop on level 7 of the Dungeon)

   Str:       It affects your strength (+3).
Jewellery
 e - a +5 ring of evasion (left hand)
 k - a ring of see invisible (right hand)
 o - a ring of protection from cold
 r - a ring of fire
 s - a ring of willpower
Scrolls
 i - 6 scrolls of identify
 m - 9 scrolls of teleportation
Potions
 a - 3 potions of lignification
 d - 7 potions of might
 f - a potion of magic
 g - 7 potions of curing
 h - 3 potions of resistance
 q - 2 potions of haste
 u - a potion of cancellation
 x - 3 potions of attraction
 z - 2 potions of heal wounds
 A - a potion of mutation

Dungeon Overview and Level Annotations

Branches:
Dungeon (8/15)             Temple (0/1) D:4            Lair (5/5) D:8
  Swamp (0/4) Lair:3        Snake (0/4) Lair:2        Slime (0/5) Lair:4
Ossuary (visited)

Altars:
Cheibriados
Nemelex Xobeh
Okawaru
Uskayaw
Vehumet
Zin
Jiyva

Shops:
D:7 [?[=

Annotations:
D:8 2 transporters
Lair:4 1 runed translucent door


Message History

Your unstable footing causes you to fumble your attack.
The demonic crawler misses you.
The demonic crawler barely misses you. x2
You hit the demonic crawler.
The demonic crawler is lightly wounded.
You completely miss the swamp worm. The swamp worm barely misses you.
You block the demonic crawler's attack.
The demonic crawler completely misses you.
The demonic crawler misses you.
Your unstable footing causes you to fumble your attack.
The swamp worm bites you but does no damage.
The moth of wrath goads the demonic crawler on!
The demonic crawler goes berserk!
The demonic crawler misses you. The demonic crawler barely misses you.
The demonic crawler hits you but does no damage.
Your unstable footing causes you to fumble your attack.
The demonic crawler completely misses you.
You block the demonic crawler's attack. The demonic crawler misses you.
The swamp worm bites you.
The moth of wrath goads the swamp worm on!
The swamp worm goes berserk!
You slice the demonic crawler!!
The demonic crawler is moderately wounded.
You slash the swamp worm! You drain the swamp worm.
The demonic crawler closely misses you. The demonic crawler misses you.
The demonic crawler barely misses you. You block the swamp worm's attack.
The demonic crawler hits you. The demonic crawler barely misses you.
You block the demonic crawler's attack.
You hit the swamp worm.
The swamp worm is moderately wounded.
You slash the demonic crawler! The swamp worm closely misses you.
The demonic crawler misses you. You block the demonic crawler's attack.
The demonic crawler hits you but does no damage.
Your unstable footing causes you to fumble your attack.
The swamp worm bites you but does no damage.
You block the demonic crawler's attack. The demonic crawler hits you!
The demonic crawler hits you but does no damage.
Your unstable footing causes you to fumble your attack.
The demonic crawler closely misses you. The demonic crawler hits you!! x2
You die...

~P~~~~~.#~# ...## ~# #~P##~.~~~
...#~ ~ ##~~##~~~~~ ...~~~ ~
~~..~...~~. ~~~~~~##~ P##.P...%.~
~~~~#~# #.......P ~~~~###
###........ ###~~~.## #..........
P ~# ~~~#s@~..###.......... P
~~~# ~~~~$yw~~...##..........
.##..~~##~((~$#P~~.......%%%.....
..##.~~~###~###~~~...............
#.##..~~~~###~~~~................
...#....~~~~~~~..................
.........~~~~~...................
......................(..........
<%.............(.................


You could see a demonic crawler (berserk), a moth of wrath and a swamp worm
(berserk, drained).

Vanquished Creatures
  Gastronok (Lair:3)
  A quicksilver ooze (Lair:4)
  2 hydras
  4 death yaks (Lair:5)
  2 skysharks (Lair:2)
  A lindwurm (Lair:5)
  An oklob plant (Lair:2)
  A manticore (Lair:5)
  A salamander (Lair:2)
  An elephant (Lair:5)
  4 black mambas
  7 cane toads
  5 rime drakes
  5 komodo dragons
  A troll (D:6)
  2 polar bears
  4 blink frogs (Lair:4)
  Prince Ribbit (D:7)
  A hornet (D:8)
  5 slime creatures (Lair:4)
  32 yaks
  3 wyverns
  A steam dragon (Lair:4)
  4 vampire mosquitoes (Lair:3)
  A warg (D:6)
  A swamp worm (Lair:5)
  An ice beast (D:4)
  3 black bears
  A hornet zombie (Ossuary)
  15 water moccasins
  A sky beast (D:7)
  2 orc warriors (D:6)
  8 wolves
  6 ogres (D:6)
  A centaur (D:4)
  A phantom (D:5)
  5 kobold brigands (D:6)
  9 bullfrogs
  2 gnoll sergeants
  A wyvern zombie (Ossuary)
  6 scorpions
  2 water moccasin zombies (Ossuary)
  3 wights (D:6)
  7 killer bees (D:7)
  11 howler monkeys
  2 lava snakes (Lair:2)
  7 bullfrog zombies (Ossuary)
  2 centaur zombies (Ossuary)
  5 gnoll boudas
  5 hounds
  6 orc priests
  5 jellies
  2 sleepcaps (D:7)
  2 iguanas
  12 mummies (Ossuary)
  10 orc wizards
  A killer bee zombie (Ossuary)
  4 howler monkey zombies (Ossuary)
  27 gnolls
  14 adders
  A shadow imp (D:7)
  A white imp (D:7)
  An ufetubus (D:4)
  2 worms (D:2)
  2 dart slugs
  22 orcs
  5 endoplasms
  2 giant cockroaches (D:4)
  4 goblins
  5 hobgoblins
  8 jackals
  4 quokkas
  3 ball pythons
  4 bats
  6 frilled lizards
  10 kobolds
  4 rats
365 creatures vanquished.

Notes
Turn   | Place    | Note
-------+----------+-------------------------------------------
     0 | D:1      | qw the Gargoyle Fighter began the quest for the Orb.
     0 | D:1      | Reached XP level 1. HP: 14/14 MP: 1/1
     0 | D:1      | 0 ||| qw: Version: 0.2-a-100-g7972860
     0 | D:1      | 0 ||| qw: Game counter: 236
     0 | D:1      | 0 ||| qw: Always use a shield: true
     0 | D:1      | 0 ||| qw: God list: Okawaru
     0 | D:1      | 0 ||| qw: Allow faded altars: false
     0 | D:1      | 0 ||| qw: Do Orc after D:15 true
     0 | D:1      | 0 ||| qw: Do second Lair branch before Depths: true
     0 | D:1      | 0 ||| qw: Lair rune preference: random
     0 | D:1      | 0 ||| qw: Plans: Normal, Zot:1-4, Slime:5, God:TSO, Crypt,
                  | Tomb, Pan, Hells, Abyss, Win
     0 | D:1      | 0 ||| PLANNING D:1-11
   103 | D:1      | Reached skill level 2 in Axes
   111 | D:1      | Reached XP level 2. HP: 11/19 MP: 2/2
   320 | D:1      | 320 ||| Stepping ~*~*~tactically~*~*~ (stealth).
   322 | D:1      | 322 ||| Stepping ~*~*~tactically~*~*~ (stealth).
   358 | D:1      | Reached skill level 3 in Axes
   574 | D:1      | Reached XP level 3. HP: 19/23 MP: 3/3
   814 | D:1      | 814 ||| UPGRADING to +5 ring of evasion.
   856 | D:2      | Found an iron altar of Okawaru.
   857 | D:2      | 857 ||| PLANNING OKAWARU WORSHIP
   865 | D:2      | Became a worshipper of Warmaster Okawaru
   865 | D:2      | 865 ||| PLANNING D:1-11
  1018 | D:2      | Found a faded altar of an unknown god.
  1064 | D:2      | Reached XP level 4. HP: 28/28 MP: 4/4
  1064 | D:2      | 1064 ||| DROPPING +0 club.
  1158 | D:2      | 1158 ||| Stepping ~*~*~tactically~*~*~ (hiding).
  1169 | D:2      | Reached skill level 4 in Axes
  1554 | D:2      | 1554 ||| UPGRADING to +1 pair of boots.
  1559 | D:2      | 1559 ||| READING scroll labelled GERUDE WENYO.
  1560 | D:2      | 1560 ||| READING 3 scrolls labelled MEOVVAW YBIORGH.
  1561 | D:2      | 1561 ||| READING scroll labelled IGAMOTSEMU.
  1562 | D:2      | 1562 ||| READING 2 scrolls labelled JIOROY BEDUAN.
  1566 | D:2      | 1566 ||| READING scroll labelled TAALAOSYOCK.
  1567 | D:2      | 1567 ||| READING scroll labelled SAEFIRA IHUCESH.
  1568 | D:2      | 1568 ||| READING scroll labelled GETIFI LEOFYPN.
  1569 | D:2      | 1569 ||| DRINKING 3 ruby potions.
  1570 | D:2      | 1570 ||| DRINKING 2 fuming orange potions.
  1571 | D:2      | 1571 ||| READING 2 scrolls of identify.
  1571 | D:2      | 1571 ||| IDENTIFYING smoky purple potion
  1886 | D:3      | Noticed a scorpion
  1893 | D:3      | Killed a scorpion
  1894 | D:3      | Reached skill level 5 in Axes
  1894 | D:3      | Reached XP level 5. HP: 32/32 MP: 5/5
  2434 | D:3      | 2434 ||| UPGRADING to ring of see invisible.
  2435 | D:3      | 2435 ||| READING scroll labelled ECO VAGRIAC.
  2435 | D:3      | Identified a scroll of acquirement
  2435 | D:3      | 2435 ||| ACQUIRING 1280 gold pieces
  2435 | D:3      | Acquired 1280 gold pieces
  2437 | D:3      | 2437 ||| READING 2 scrolls labelled HATHAWIRAU.
  2438 | D:3      | 2438 ||| READING 2 scrolls of identify.
  2438 | D:3      | 2438 ||| IDENTIFYING yellow potion
  2439 | D:3      | 2439 ||| DROPPING scroll of poison.
  2440 | D:3      | 2440 ||| DROPPING potion of degeneration.
  2487 | D:4      | 2487 ||| Stepping ~*~*~tactically~*~*~ (hiding).
  2494 | D:4      | Reached XP level 6. HP: 38/38 MP: 6/6
  2610 | D:4      | Reached skill level 1 in Dodging
  2648 | D:4      | 2648 ||| Stepping ~*~*~tactically~*~*~ (stealth).
  2662 | D:4      | 2662 ||| DRINKING 4 potions of curing.
  2662 | D:4      | 2662 ||| (to cure confusion)
  2705 | D:4      | Reached * piety under Okawaru
  2809 | D:4      | Noticed an ice beast
  2810 | D:4      | 2810 ||| Stepping ~*~*~tactically~*~*~ (stealth).
  2811 | D:4      | 2811 ||| INVOKING Heroism.
  2821 | D:4      | 2821 ||| INVOKING Heroism.
  2826 | D:4      | Killed an ice beast
  2827 | D:4      | Reached skill level 6 in Axes
  2827 | D:4      | Reached XP level 7. HP: 34/43 MP: 3/7
  2880 | D:4      | 2880 ||| Stepping ~*~*~tactically~*~*~ (stealth).
  2942 | D:4      | Found a radiant altar of Vehumet.
  2943 | D:4      | Found a snail-covered altar of Cheibriados.
  2943 | D:4      | Found a sparkling altar of Nemelex Xobeh.
  3060 | D:4      | Found a staircase to the Ecumenical Temple.
  3304 | D:4      | 3304 ||| UPGRADING to +0 cloak.
  3309 | D:4      | 3309 ||| READING 2 scrolls of identify.
  3309 | D:4      | 3309 ||| IDENTIFYING bubbling dark potion
  3346 | D:5      | Entered Level 5 of the Dungeon
  3347 | D:5      | 3347 ||| PLANNING SEWER
  3347 | D:5      | 3347 ||| INVOKING Heroism.
  3363 | D:5      | 3363 ||| Stepping ~*~*~tactically~*~*~ (stealth).
  3368 | D:5      | Reached skill level 1 in Invocations
  3486 | D:5      | 3486 ||| READING scroll of enchant weapon.
  3486 | D:5      | 3486 ||| ENCHANTING +1 war axe of venom.
  3543 | D:5      | Reached skill level 7 in Axes
  3710 | D:5      | Reached XP level 8. HP: 48/48 MP: 10/10
  3712 | D:5      | 3712 ||| DROPPING +0 whip.
  3737 | D:5      | Reached skill level 3 in Invocations
  3774 | D:5      | Reached skill level 1 in Throwing
  3876 | D:5      | 3876 ||| Stepping ~*~*~tactically~*~*~ (hiding).
  3881 | D:5      | 3881 ||| INVOKING Heroism.
  4032 | D:5      | 4032 ||| READING scroll of brand weapon.
  4032 | D:5      | 4032 ||| BRANDING +2 war axe of venom.
  4038 | D:5      | 4038 ||| RIP SEWER
  4140 | D:5      | 4140 ||| PLANNING D:1-11
  4140 | D:5      | 4140 ||| READING scroll labelled BIDYINYNNA.
  4233 | D:6      | 4233 ||| INVOKING Heroism.
  4235 | D:6      | 4235 ||| Stepping ~*~*~tactically~*~*~ (hiding).
  4434 | D:6      | Reached skill level 8 in Axes
  4459 | D:6      | 4459 ||| UPGRADING to +0 plate armour.
  4469 | D:6      | 4469 ||| DROPPING +0 scale mail.
  4568 | D:6      | 4568 ||| READING scroll labelled NIXAJO NAIMU.
  4578 | D:6      | 4578 ||| Stepping ~*~*~tactically~*~*~ (water).
  4605 | D:6      | 4605 ||| INVOKING Heroism.
  4612 | D:6      | Reached ** piety under Okawaru
  4613 | D:6      | Reached XP level 9. HP: 27/55 MP: 9/12
  4755 | D:6      | Reached skill level 6 in Fighting
  4783 | D:6      | Noticed a troll
  4784 | D:6      | 4784 ||| INVOKING Heroism.
  4786 | D:6      | 4786 ||| Stepping ~*~*~tactically~*~*~ (stealth).
  4787 | D:6      | 4787 ||| Stepping ~*~*~tactically~*~*~ (stealth).
  4796 | D:6      | Killed a troll
  4809 | D:6      | 4809 ||| INVOKING Heroism.
  4813 | D:6      | Reached skill level 9 in Axes
  4834 | D:6      | 4834 ||| INVOKING Heroism.
  4843 | D:6      | 4843 ||| DROPPING amulet of magic regeneration.
  4869 | D:6      | 4869 ||| INVOKING Heroism.
  4884 | D:6      | 4884 ||| INVOKING Heroism.
  4895 | D:6      | Reached skill level 6 in Armour
  4916 | D:6      | 4916 ||| INVOKING Heroism.
  4996 | D:6      | 4996 ||| INVOKING Heroism.
  5050 | D:6      | 5050 ||| INVOKING Heroism.
  5238 | D:6      | 5238 ||| INVOKING Heroism.
  5261 | D:6      | 5261 ||| FLEEEEING.
  5262 | D:6      | 5262 ||| FLEEEEING.
  5263 | D:6      | 5263 ||| FLEEEEING.
  5268 | D:6      | 5268 ||| FLEEEEING.
  5269 | D:6      | 5269 ||| FLEEEEING.
  5275 | D:6      | 5275 ||| FLEEEEING.
  5276 | D:6      | 5276 ||| FLEEEEING.
  5277 | D:6      | 5277 ||| FLEEEEING.
  5278 | D:6      | 5278 ||| FLEEEEING.
  5279 | D:6      | 5279 ||| FLEEEEING.
  5285 | D:6      | 5285 ||| STAIRDANCE
  5363 | D:6      | 5363 ||| INVOKING Heroism.
  5386 | D:6      | 5386 ||| Stepping ~*~*~tactically~*~*~ (hiding).
  5387 | D:6      | 5387 ||| Stepping ~*~*~tactically~*~*~ (hiding).
  5391 | D:6      | 5391 ||| INVOKING Heroism.
  5394 | D:6      | 5394 ||| Stepping ~*~*~tactically~*~*~ (hiding).
  5412 | D:6      | Reached XP level 10. HP: 56/63 MP: 13/13
  5426 | D:6      | 5426 ||| Stepping ~*~*~tactically~*~*~ (stealth).
  5427 | D:6      | 5427 ||| Stepping ~*~*~tactically~*~*~ (stealth).
  5431 | D:6      | 5431 ||| Stepping ~*~*~tactically~*~*~ (stealth).
  5439 | D:6      | 5439 ||| INVOKING Heroism.
  5442 | D:6      | Reached skill level 10 in Axes
  5530 | D:6      | 5530 ||| Stepping ~*~*~tactically~*~*~ (hiding).
  5578 | D:6      | 5578 ||| INVOKING Heroism.
  5591 | D:6      | 5591 ||| Stepping ~*~*~tactically~*~*~ (stealth).
  5627 | D:6      | 5627 ||| DROPPING +0 flail.
  5889 | D:6      | 5889 ||| READING scroll labelled NUSOOT QETIETH.
  5890 | D:6      | 5890 ||| READING 5 scrolls of identify.
  5890 | D:6      | 5890 ||| IDENTIFYING sedimented yellow potion
  6023 | D:7      | Noticed Prince Ribbit
  6037 | D:7      | Killed Prince Ribbit
  6116 | D:7      | Noticed a +0 dagger
  6118 | D:7      | Noticed a +0 hand axe
  6125 | D:7      | Found a hide-covered altar of Uskayaw.
  6201 | D:7      | 6201 ||| Stepping ~*~*~tactically~*~*~ (hiding).
  6218 | D:7      | HP: 15/64 [gnoll sergeant/+0 spear of distortion (24)]
  6219 | D:7      | 6219 ||| READING 4 scrolls of teleportation.
  6220 | D:7      | 6220 ||| INVOKING Heroism.
  6489 | D:7      | 6489 ||| Stepping ~*~*~tactically~*~*~ (hiding).
  6508 | D:7      | Found Kuhyddea's Armour Boutique.
  6519 | D:7      | 6519 ||| BUYING +0 pair of gloves (63 gold).
  6519 | D:7      | Bought a +0 pair of gloves for 63 gold pieces
  6519 | D:7      | 6519 ||| BUYING +2 scale mail of fire resistance (294
                  | gold).
  6519 | D:7      | Bought a +2 scale mail of fire resistance for 294 gold
                  | pieces
  6519 | D:7      | 6519 ||| BUYING +3 hat of Pondering {ponderous, Will+ MP+10
                  | Int+5} (533 gold).
  6519 | D:7      | Bought the +3 hat of Pondering {ponderous, Will+ MP+10
                  | Int+5} for 533 gold pieces
  6519 | D:7      | Found the +3 hat of Pondering {ponderous, Will+ MP+10
                  | Int+5}
  6519 | D:7      | 6519 ||| BUYING +8 chain mail of Impressiveness {Str+3}
                  | (809 gold).
  6519 | D:7      | Bought the +8 chain mail of Impressiveness {Str+3} for 809
                  | gold pieces
  6588 | D:7      | 6588 ||| Stepping ~*~*~tactically~*~*~ (stealth).
  6589 | D:7      | 6589 ||| Stepping ~*~*~tactically~*~*~ (stealth).
  6590 | D:7      | 6590 ||| Stepping ~*~*~tactically~*~*~ (stealth).
  6591 | D:7      | 6591 ||| Stepping ~*~*~tactically~*~*~ (stealth).
  6592 | D:7      | 6592 ||| Stepping ~*~*~tactically~*~*~ (stealth).
  6593 | D:7      | 6593 ||| INVOKING Heroism.
  6616 | D:7      | Found Mecaryts's Antique Armour Boutique.
  6645 | D:7      | Found Sunwevos's Jewellery Boutique.
  6648 | D:7      | 6648 ||| SHOPLISTING +4 ring of protection (540 gold, have
                  | 59).
  6648 | D:7      | 6648 ||| SHOPLISTING +6 ring of dexterity (540 gold, have
                  | 59).
  6648 | D:7      | 6648 ||| SHOPLISTING +6 ring of strength (540 gold, have
                  | 59).
  6648 | D:7      | 6648 ||| SHOPLISTING ring of positive energy (300 gold,
                  | have 59).
  6648 | D:7      | 6648 ||| SHOPLISTING ring of protection from cold (375
                  | gold, have 59).
  6682 | D:7      | 6682 ||| INVOKING Heroism.
  6813 | D:7      | Found Ymorchago's Magic Scroll Shoppe.
  6816 | D:7      | 6816 ||| BUYING scroll of identify (26 gold).
  6816 | D:7      | Bought a scroll of identify for 26 gold pieces
  6816 | D:7      | 6816 ||| BUYING scroll of identify (26 gold).
  6816 | D:7      | Bought a scroll of identify for 26 gold pieces
  6816 | D:7      | 6816 ||| SHOPLISTING scroll of teleportation (39 gold, have
                  | 17).
  6897 | D:7      | 6897 ||| INVOKING Heroism.
  7165 | D:7      | 7165 ||| UPGRADING to +0 pair of gloves.
  7170 | D:7      | 7170 ||| DROPPING +2 scale mail of fire resistance.
  7171 | D:7      | 7171 ||| UPGRADING to +8 chain mail of Impressiveness
                  | {Str+3}.
  7181 | D:7      | 7181 ||| DROPPING +0 plate armour.
  7182 | D:7      | 7182 ||| READING scroll labelled TECOKHLECZESE.
  7183 | D:7      | 7183 ||| READING scroll labelled GECKAL NIXAY.
  7184 | D:7      | 7184 ||| READING 6 scrolls of identify.
  7184 | D:7      | 7184 ||| IDENTIFYING dark potion
  7201 | D:8      | 7201 ||| PLANNING OSSUARY
  7216 | D:8      | 7216 ||| Stepping ~*~*~tactically~*~*~ (hiding).
  7218 | D:8      | 7218 ||| Stepping ~*~*~tactically~*~*~ (hiding).
  7219 | D:8      | 7219 ||| Stepping ~*~*~tactically~*~*~ (hiding).
  7225 | D:8      | 7225 ||| Stepping ~*~*~tactically~*~*~ (stealth).
  7257 | D:8      | Found a transporter.
  7258 | D:8      | Found a transporter.
  7288 | D:8      | Noticed a manticore
  7288 | D:8      | Noticed a cyan ugly thing
  7294 | D:8      | Noticed a cyclops
  7376 | D:8      | 7376 ||| Stepping ~*~*~tactically~*~*~ (stealth).
  7384 | D:8      | Reached skill level 3 in Throwing
  7394 | D:8      | 7394 ||| INVOKING Heroism.
  7446 | D:8      | Found a staircase to the Lair.
  7618 | D:8      | Found a glowing silver altar of Zin.
  7716 | D:8      | Found a sand-covered staircase.
  7720 | Ossuary  | Entered an ossuary
  7724 | Ossuary  | 7724 ||| Stepping ~*~*~tactically~*~*~ (stealth).
  7744 | Ossuary  | Reached *** piety under Okawaru
  7773 | Ossuary  | 7773 ||| Stepping ~*~*~tactically~*~*~ (water).
  7778 | Ossuary  | 7778 ||| Stepping ~*~*~tactically~*~*~ (hiding).
  7824 | Ossuary  | 7824 ||| Stepping ~*~*~tactically~*~*~ (stealth).
  7874 | Ossuary  | Reached skill level 11 in Axes
  7911 | Ossuary  | Reached XP level 11. HP: 68/68 MP: 14/14
  7946 | Ossuary  | 7946 ||| READING scroll of enchant weapon.
  7946 | Ossuary  | 7946 ||| ENCHANTING +2 war axe of draining.
  7984 | Ossuary  | 7984 ||| Stepping ~*~*~tactically~*~*~ (water).
  8111 | Ossuary  | 8111 ||| DROPPING ring of flight.
  8112 | Ossuary  | 8112 ||| READING scroll labelled EVUNUO FADWOAXUO.
  8113 | Ossuary  | 8113 ||| DRINKING 2 viscous clear potions.
  8114 | Ossuary  | 8114 ||| READING 6 scrolls of identify.
  8114 | Ossuary  | 8114 ||| IDENTIFYING black potion
  8115 | Ossuary  | 8115 ||| READING 5 scrolls of identify.
  8115 | Ossuary  | 8115 ||| IDENTIFYING clear potion
  8116 | Ossuary  | 8116 ||| DROPPING potion of brilliance.
  8117 | Ossuary  | 8117 ||| DROPPING potion of invisibility.
  8133 | D:8      | 8133 ||| PLANNING LAIR
  8193 | Lair:1   | Entered Level 1 of the Lair of Beasts
  8226 | Lair:1   | Reached skill level 9 in Fighting
  8271 | Lair:1   | 8271 ||| INVOKING Heroism.
  8337 | Lair:1   | Reached **** piety under Okawaru
  8340 | Lair:1   | 8340 ||| Stepping ~*~*~tactically~*~*~ (hiding).
  8348 | Lair:1   | 8348 ||| INVOKING Heroism.
  8362 | Lair:1   | Received a gift from Okawaru
  8439 | Lair:1   | 8439 ||| INVOKING Heroism.
  8462 | Lair:1   | 8462 ||| INVOKING Heroism.
  8470 | Lair:1   | Received a gift from Okawaru
  8473 | Lair:1   | Reached skill level 12 in Axes
  8616 | Lair:1   | 8616 ||| INVOKING Heroism.
  9011 | Lair:1   | 9011 ||| INVOKING Heroism.
  9052 | Lair:1   | 9052 ||| READING scroll labelled FOIRUPSEIHE.
  9073 | Lair:2   | Noticed a skyshark
  9085 | Lair:2   | Killed a skyshark
  9086 | Lair:2   | Reached skill level 6 in Invocations
  9187 | Lair:2   | 9187 ||| Stepping ~*~*~tactically~*~*~ (stealth).
  9189 | Lair:2   | Reached skill level 6 in Shields
  9271 | Lair:2   | 9271 ||| INVOKING Heroism.
  9354 | Lair:2   | Noticed an oklob plant
  9355 | Lair:2   | 9355 ||| INVOKING Heroism.
  9356 | Lair:2   | Found a glowing silver altar of Zin.
  9365 | Lair:2   | 9365 ||| READING 8 scrolls of teleportation.
  9415 | Lair:2   | 9415 ||| FLEEEEING.
  9486 | Lair:2   | 9486 ||| FLEEEEING.
  9492 | Lair:2   | 9492 ||| FLEEEEING.
  9505 | Lair:2   | 9505 ||| Stepping ~*~*~tactically~*~*~ (stealth).
  9519 | Lair:2   | 9519 ||| INVOKING Heroism.
  9548 | Lair:2   | 9548 ||| INVOKING Heroism.
  9568 | Lair:2   | 9568 ||| INVOKING Heroism.
  9573 | Lair:2   | Killed an oklob plant
  9765 | Lair:2   | 9765 ||| Stepping ~*~*~tactically~*~*~ (stealth).
  9772 | Lair:2   | 9772 ||| INVOKING Heroism.
  9855 | Lair:2   | 9855 ||| Stepping ~*~*~tactically~*~*~ (stealth).
  9856 | Lair:2   | 9856 ||| Stepping ~*~*~tactically~*~*~ (stealth).
  9863 | Lair:2   | 9863 ||| Stepping ~*~*~tactically~*~*~ (stealth).
  9864 | Lair:2   | 9864 ||| Stepping ~*~*~tactically~*~*~ (stealth).
  9878 | Lair:2   | Reached XP level 12. HP: 77/77 MP: 17/17
  9892 | Lair:2   | Noticed a skyshark
  9905 | Lair:2   | Killed a skyshark
 10084 | Lair:2   | 10084 ||| Stepping ~*~*~tactically~*~*~ (stealth).
 10147 | Lair:2   | Found a staircase to the Snake Pit.
 10158 | Lair:2   | 10158 ||| FLEEEEING.
 10159 | Lair:2   | 10159 ||| FLEEEEING.
 10160 | Lair:2   | 10160 ||| FLEEEEING.
 10161 | Lair:2   | 10161 ||| FLEEEEING.
 10492 | Lair:2   | 10492 ||| DROPPING orb of energy.
 10612 | Lair:3   | Found a staircase to the Swamp.
 10621 | Lair:3   | 10621 ||| Stepping ~*~*~tactically~*~*~ (stealth).
 10639 | Lair:3   | Received a gift from Okawaru
 10664 | Lair:3   | 10664 ||| READING scroll of enchant armour.
 10664 | Lair:3   | 10664 ||| ENCHANTING +0 pair of gloves.
 10753 | Lair:3   | Noticed Gastronok
 10754 | Lair:3   | 10754 ||| INVOKING Heroism.
 10763 | Lair:3   | Killed Gastronok
 10845 | Lair:3   | 10845 ||| INVOKING Heroism.
 10894 | Lair:3   | Reached skill level 9 in Invocations
 10907 | Lair:3   | 10907 ||| INVOKING Heroism.
 10948 | Lair:3   | 10948 ||| INVOKING Heroism.
 11105 | Lair:3   | 11105 ||| Stepping ~*~*~tactically~*~*~ (stealth).
 11116 | Lair:3   | Reached skill level 13 in Axes
 11451 | Lair:3   | 11451 ||| READING scroll labelled YSEENI VERUA.
 11500 | Lair:3   | 11500 ||| READING 7 scrolls of identify.
 11500 | Lair:3   | 11500 ||| IDENTIFYING blue potion
 11642 | Lair:4   | 11642 ||| INVOKING Heroism.
 11709 | Lair:4   | Noticed a six-headed hydra
 11710 | Lair:4   | 11710 ||| FLEEEEING.
 11711 | Lair:4   | 11711 ||| FLEEEEING.
 11713 | Lair:4   | 11713 ||| FLEEEEING.
 11715 | Lair:4   | 11715 ||| FLEEEEING.
 11719 | Lair:4   | 11719 ||| FLEEEEING.
 11725 | Lair:4   | 11725 ||| STAIRDANCE
 11757 | Lair:3   | 11757 ||| READING 7 scrolls of identify.
 11757 | Lair:3   | 11757 ||| IDENTIFYING fizzy ruby potion
 11760 | Lair:4   | 11760 ||| INVOKING Heroism.
 11764 | Lair:4   | 11764 ||| SWAPPING to +0 morningstar.
 11771 | Lair:4   | Killed a six-headed hydra
 11772 | Lair:4   | 11772 ||| SWAPPING to +3 war axe of draining.
 11855 | Lair:4   | 11855 ||| INVOKING Heroism.
 12066 | Lair:4   | 12066 ||| READING scroll of enchant weapon.
 12066 | Lair:4   | 12066 ||| ENCHANTING +3 war axe of draining.
 12085 | Lair:4   | 12085 ||| Stepping ~*~*~tactically~*~*~ (stealth).
 12172 | Lair:4   | 12172 ||| Stepping ~*~*~tactically~*~*~ (stealth).
 12248 | Lair:4   | 12248 ||| Stepping ~*~*~tactically~*~*~ (stealth).
 12250 | Lair:4   | 12250 ||| Stepping ~*~*~tactically~*~*~ (stealth).
 12251 | Lair:4   | 12251 ||| Stepping ~*~*~tactically~*~*~ (stealth).
 12252 | Lair:4   | 12252 ||| Stepping ~*~*~tactically~*~*~ (stealth).
 12253 | Lair:4   | 12253 ||| Stepping ~*~*~tactically~*~*~ (stealth).
 12293 | Lair:4   | Reached ***** piety under Okawaru
 12295 | Lair:4   | Reached XP level 13. HP: 78/82 MP: 20/20
 12359 | Lair:4   | 12359 ||| Stepping ~*~*~tactically~*~*~ (stealth).
 12362 | Lair:4   | 12362 ||| Stepping ~*~*~tactically~*~*~ (stealth).
 12364 | Lair:4   | 12364 ||| INVOKING Heroism.
 12366 | Lair:4   | 12366 ||| Stepping ~*~*~tactically~*~*~ (hiding).
 12374 | Lair:4   | 12374 ||| Stepping ~*~*~tactically~*~*~ (cloud).
 12375 | Lair:4   | 12375 ||| Stepping ~*~*~tactically~*~*~ (stealth).
 12376 | Lair:4   | 12376 ||| Stepping ~*~*~tactically~*~*~ (stealth).
 12397 | Lair:4   | 12397 ||| FLEEEEING.
 12398 | Lair:4   | 12398 ||| FLEEEEING.
 12412 | Lair:4   | Noticed a quicksilver ooze
 12413 | Lair:4   | 12413 ||| Stepping ~*~*~tactically~*~*~ (stealth).
 12429 | Lair:4   | 12429 ||| Stepping ~*~*~tactically~*~*~ (stealth).
 12432 | Lair:4   | 12432 ||| INVOKING Heroism.
 12443 | Lair:4   | Killed a quicksilver ooze
 12498 | Lair:4   | 12498 ||| READING scroll of enchant armour.
 12498 | Lair:4   | 12498 ||| ENCHANTING +1 pair of gloves.
 12501 | Lair:4   | 12501 ||| Stepping ~*~*~tactically~*~*~ (stealth).
 12502 | Lair:4   | 12502 ||| Stepping ~*~*~tactically~*~*~ (stealth).
 12519 | Lair:4   | Reached skill level 14 in Axes
 12603 | Lair:4   | Received a gift from Okawaru
 12764 | Lair:4   | Found a runed translucent door.
 12765 | Lair:4   | Found a viscous altar of Jiyva.
 12765 | Lair:4   | Found a staircase to the Slime Pits.
 12765 | Lair:4   | Noticed an azure jelly
 12765 | Lair:4   | Noticed an azure jelly
 12872 | Lair:5   | Entered Level 5 of the Lair of Beasts
 12873 | Lair:5   | 12873 ||| INVOKING Heroism.
 12878 | Lair:5   | 12878 ||| INVOKING Finesse.
 12890 | Lair:5   | 12890 ||| SWAPPING to +0 morningstar.
 12893 | Lair:5   | 12893 ||| SWAPPING to +4 war axe of draining.
 12971 | Lair:5   | 12971 ||| Stepping ~*~*~tactically~*~*~ (stealth).
 12983 | Lair:5   | 12983 ||| INVOKING Heroism.
 13004 | Lair:5   | 13004 ||| INVOKING Finesse.
 13058 | Lair:5   | 13058 ||| INVOKING Heroism.
 13175 | Lair:5   | 13175 ||| INVOKING Heroism.
 13190 | Lair:5   | HP: 16/84 [demonic crawler (21)]
 13190 | Lair:5   | Slain by a demonic crawler

Levels and vault maps discovered:
D:1:      dpeg_arrival_tiny_d, layout_basic
D:2:      layout_loops_cross, basic_altar, dreamdust_ecumenical_altar_grove,
          chequers_serial_rivers_micro_e
D:3:      layout_loops_corners, minmay_crystal_room
D:4:      layout_basic, gammafunk_temple_overflow_claw,
          minmay_temple_entry_glassed_door, minmay_ruptured
D:5:      layout_loops_ring, portal_sewer_entry_d
D:6:      lemuel_castle_with_subvaults [lemuel_castle_interior_carwin_3],
          layout_basic
D:7:      layout_basic, dancing_weapons_uskayaw, serial_shops, kennysheep_mini,
          nicolae_lakefront_shop, nicolae_diamond_shop, nicolae_shop_rolled_up,
          eino_jars, uniq_prince_ribbit1
D:8:      gammafunk_the_bubble [the_bubble_gammafunk_crates], layout_basic,
          fedhas_altar_2, zin_treasury, david_lair_generic,
          nicolae_ossuary_entry_plus
Lair:1:   layout_cave_pods
Lair:2:   layout_roguey, nicolae_snake_entry_warm_welcome, lemuel_oklob_altar
Lair:3:   layout_roguey, minmay_swamp_entry_swarm, cheibrodos_lair_reptile_den,
          uniq_gastronok
Lair:4:   layout_concentric_octagons, slime_entry_2, serial_bayou_ford_a,
          nicolae_lair_time_for_slime
Lair:5:   gammafunk_lair_ancient_temple, layout_gridlike, worms_lemuel

Skill      XL: |  1  2  3  4  5  6  7  8  9 10 11 12 13 |
---------------+----------------------------------------+-----
Axes           | 2 3 5 6 7 8 9 11 12 13 14 | 14.0
Fighting       | 4 5 7 8 10 11 | 11.1
Dodging        | 1 2 |  2.0
Invocations    | 2 4 7 10 | 10.1
Throwing       | 1 3 4 |  4.2
Armour         | 5 6 7 8 |  8.8
Shields        | 4 5 6 7 |  7.0

Action                     |  1- 3 |  4- 6 |  7- 9 | 10-12 | 13-15 || total
---------------------------+-------+-------+-------+-------+-------++-------
  Melee: War axe           |    94 |   125 |   216 |   643 |   131 ||  1209
         Morningstar       |       |       |       |     7 |     2 ||     9
  Throw: Boomerang         |       |     6 |   125 |    39 |    25 ||   195
         Javelin           |       |       |       |    90 |    16 ||   106
 Invoke: Heroism           |       |     2 |    15 |    26 |     6 ||    49
         Finesse           |       |       |       |       |     2 ||     2
    Use: Scroll            |       |    11 |     5 |    17 |     1 ||    34
         Potion            |       |     3 |       |     1 |       ||     4
 Armour: Scale mail        |    45 |    48 |    40 |       |       ||   133
         Plate armour      |       |       |    35 |    75 |       ||   110
         Chain mail        |       |       |       |   232 |    62 ||   294
  Dodge: Dodged            |    65 |   107 |   113 |   350 |    61 ||   696
  Block: Buckler           |    23 |    21 |    45 |   124 |    24 ||   237

Table legend:
 A = Non-vault XP
 B = Vault XP
 C = Vault XP percentage of total XP
 D = Non-vault monster count
 E = Vault monster count
 F = Vault count percentage of total count
                 A         B        C        D         E       F
            +---------+---------+-------+---------+---------+-------
      Total |   29685 |   14285 |  32.5 |     241 |     124 |  34.0
            +---------+---------+-------+---------+---------+-------
        D:1 |      38 |       0 |   0.0 |      21 |       0 |   0.0
        D:2 |      75 |       0 |   0.0 |      20 |       0 |   0.0
        D:3 |     154 |       0 |   0.0 |      16 |       0 |   0.0
        D:4 |     424 |      40 |   8.6 |      20 |       3 |  13.0
        D:5 |     824 |      13 |   1.6 |      21 |       1 |   4.5
        D:6 |     612 |    3155 |  83.8 |      15 |      52 |  77.6
        D:7 |     665 |     702 |  51.4 |      17 |       8 |  32.0
        D:8 |     979 |     662 |  40.3 |      18 |       4 |  18.2
     Lair:1 |    5378 |       0 |   0.0 |      22 |       0 |   0.0
     Lair:2 |    4108 |    1205 |  22.7 |      14 |       4 |  22.2
     Lair:3 |    3442 |    3039 |  46.9 |      18 |       7 |  28.0
     Lair:4 |    6569 |    2521 |  27.7 |      25 |      10 |  28.6
     Lair:5 |    6417 |    1779 |  21.7 |      14 |       5 |  26.3
    Ossuary |       0 |    1169 | 100.0 |       0 |      30 | 100.0
            +---------+---------+-------+---------+---------+-------
